Map: Kairos Junction LE

Players

Freeman - Winner!

  • Race: Protoss Protoss
  • Spawn Location: 11:00

WizZy

  • Race: Protoss Protoss
  • League: Diamond
  • Spawn Location: 5:00

VOD

Have the link to the VOD?

Description

Time

  • Played on: June 1, 2019, 11:05 a.m.
  • Length: 9:01
Show
View Real Time Build Order
Export as new Build Order

Freeman Protoss - Winner!

Build Orders:  

Get SALT Encoding   

  12  0:00  Probe  
  13  0:13  Probe  
  14  0:17  Pylon  
  14  0:24  Probe  
  15  0:32  Probe  
  15  0:40  Gateway, Probe  
  17  0:51  Probe  
  17  0:54  Assimilator  
  18  1:03  Probe  
  19  1:05  Assimilator  
  19  1:08  Gateway  
  19  1:11  Probe  
  20  1:28  Cybernetics Core, Probe  
  21  1:38  Pylon  
  21  1:40  Probe  
  22  1:52  Probe  
  23  2:04  Probe  
  23  2:06  Sentry, Stalker  
  28  2:08  Warp Gate  
  28  2:17  Pylon  
  28  2:32  Probe  
  29  2:37  Adept x2  
  33  2:44  Robotics Facility  
  33  2:54  Probe  
  33  3:06  Nexus  
  33  3:09  Pylon  
  33  3:14  Stalker  
  33  3:18  Stalker  
  37  3:29  Shield Battery  
  37  3:38  Probe  
  38  3:41  Immortal  
  38  3:50  Probe  
  43  4:02  Probe  
  44  4:08  Pylon  
  44  4:14  Probe  
  45  4:31  Probe x2  
  47  4:37  Immortal  
  45  4:45  Stalker  
  45  4:46  Stalker  
  45  4:52  Pylon, Shield Battery  
  51  4:57  Probe x2  
  53  5:09  Sentry  
  53  5:11  Probe  
  53  5:12  Probe  
  57  5:16  Twilight Council  
  57  5:19  Forge, Observer  
  58  5:23  Probe  
  58  5:24  Probe  
  60  5:31  Gateway  
  60  5:36  Probe x2  
  60  5:41  Pylon  
  62  5:42  Protoss Ground Weapons Level 1  
  62  5:44  Resonating Glaives  
  62  5:45  Immortal  
  66  5:50  Gateway  
  66  6:06  Gateway  
  66  6:11  Gateway  
  66  6:14  Gateway  
  66  6:19  Pylon  
  66  6:24  Pylon  
  66  6:28  Gateway  
  66  6:29  Warp Prism  
  68  6:34  Adept  
  70  6:43  Adept x2  
  74  6:47  Adept  
  74  6:52  Pylon  
  76  6:56  Adept  
  78  7:13  Adept  
  78  7:14  Adept x5  
  90  7:26  Pylon  
  90  7:30  Pylon  
  90  7:32  Adept  
  90  7:33  Adept x2  
  90  7:34  Adept x2  
  100  7:39  Adept  
  98  8:04  Adept  
  98  8:05  Adept x6  
  104  8:25  Stalker x2  
  104  8:26  Stalker x2  
  108  8:48  Adept x2  
  102  8:56  Nexus  
Show
View Real Time Build Order
Export as new Build Order

WizZy Protoss 

Build Orders: Zealot Archon 

Get SALT Encoding   

  12  0:00  Probe  
  13  0:13  Probe  
  14  0:18  Pylon  
  14  0:24  Probe  
  15  0:32  Probe  
  15  0:40  Probe  
  15  0:42  Gateway  
  16  0:48  Assimilator  
  17  0:51  Probe  
  18  1:03  Probe  
  19  1:14  Assimilator  
  19  1:15  Probe  
  20  1:27  Probe  
  21  1:36  Cybernetics Core  
  21  1:39  Probe  
  22  2:03  Pylon  
  22  2:20  Stalker  
  22  2:22  Warp Gate  
  24  2:32  Gateway  
  24  2:34  Gateway  
  24  2:47  Pylon  
  24  2:50  Stalker  
  26  2:54  Nexus  
  25  3:20  Stalker  
  27  3:28  Nexus  
  29  3:34  Sentry  
  29  3:35  Sentry  
  31  3:43  Shield Battery  
  31  3:50  Stalker  
  31  3:54  Probe  
  33  4:02  Probe  
  34  4:06  Robotics Facility  
  35  4:12  Probe  
  34  4:24  Probe  
  35  4:31  Probe  
  35  4:36  Probe  
  36  4:40  Probe x2  
  36  4:48  Probe x3  
  38  4:57  Probe  
  38  4:58  Probe  
  38  5:01  Observer  
  38  5:07  Probe x2  
  43  5:15  Probe x3  
  46  5:23  Forge  
  46  5:27  Probe x2  
  48  5:32  Stalker  
  48  5:33  Sentry x2  
  54  5:42  Probe x2  
  55  5:43  Probe  
  57  5:50  Probe  
  57  5:51  Probe  
  57  5:55  Probe  
  60  5:57  Assimilator  
  60  5:58  Probe  
  60  5:59  Probe  
  60  6:00  Assimilator  
  60  6:03  Protoss Ground Weapons Level 1  
  62  6:07  Probe  
  62  6:09  Probe, Twilight Council  
  64  6:12  Forge  
  64  6:15  Forge  
  64  6:18  Probe  
  64  6:21  Probe  
  64  6:22  Probe  
  67  6:26  Probe  
  67  6:31  Gateway  
  68  6:33  Probe  
  68  6:36  Pylon  
  68  6:39  Pylon  
  69  6:42  Gateway  
  69  6:50  Gateway  
  69  6:52  Pylon  
  69  6:54  Probe x2  
  71  6:55  Pylon  
  71  6:59  Templar Archives  
  71  7:06  Probe  
  71  7:07  Protoss Shields Level 1  
  72  7:09  Photon Cannon  
  72  7:10  Photon Cannon  
  71  7:16  Photon Cannon  
  71  7:19  Photon Cannon  
  71  7:22  Shield Battery  
  71  7:26  Zealot x2  
  75  7:38  Shield Battery  
  75  7:41  Stalker  
  77  7:45  High Templar x3  
  77  7:46  High Templar  
  77  7:49  Archon  
  77  7:50  Archon  
  79  8:08  High Templar x2  
  79  8:10  Probe x2  
  85  8:19  Stalker x2  
  89  8:21  Stalker  
Tags
 
Composition
Zealot Archon
League
Diamond
Matchup
PvP
Spawn Locations
Cross Positions
Add a new tag
Caveats
  • Supply blocks, unpowered buildings, or Contaminate may cause inaccurate times.
  • Supply counts are checked every 10 seconds.